 Dungeon Crawl Stone Soup version 0.28.0-53-g5a82cb258f (webtiles) character file.

Game seed: 4537277286252094460

766 Zeld the Chopper (level 7, -2/64 HPs)
             Began as a Minotaur Berserker on May 22, 2022.
             Was a Priest of Trog.
             Slain by an orc wizard
             ... wielding a +0 dagger
              (3 damage)
             ... on level 5 of the Dungeon.
             The game lasted 00:02:26 (5468 turns).

Zeld the Chopper (Minotaur Berserker)               Turns: 5468, Time: 00:02:27

Health: -2/64      AC:  2    Str: 23    XL:     7   Next: 52%
Magic:  6/6        EV: 13    Int:  4    God:    Trog [***...]
Gold:   262        SH:  0    Dex: 10    Spells: 6/6 levels left

rFire   . . .      SeeInvis .   a - +0 hand axe
rCold   . . .      Faith    .   (no shield)
rNeg    . . .      Spirit   .   b - +0 animal skin
rPois   .          Reflect  .   (helmet restricted)
rElec   .          Harm     .   (no cloak)
rCorr   .          Rampage  .   (no gloves)
Will    .....                   (no boots)
Stlth   +.........              (no amulet)
HPRegen 0.20/turn               (no ring)
MPRegen 0.10/turn               (no ring)

@: confused, on berserk cooldown, slowed, very slow
A: horns 2, retaliatory headbutt
a: Renounce Religion, Berserk, Trog's Hand


You were on level 5 of the Dungeon.
You worshipped Trog.
Trog was most pleased with you.
You visited 1 branch of the dungeon, and saw 5 of its levels.
You also visited: Sewer.

You collected 262 gold pieces.

Inventory:

Hand Weapons
 a - a +0 hand axe (weapon)
Armour
 b - a +0 animal skin (worn)
Scrolls
 c - 7 scrolls of teleportation {unknown}
 e - a scroll of fear {unknown}
 f - a scroll of enchant weapon {unknown}
 g - 2 scrolls of blinking {unknown}
 h - 2 scrolls of identify {unknown}
 j - a scroll of acquirement {unknown}
 r - a scroll of immolation {unknown}
 s - a scroll of enchant armour {unknown}
Potions
 d - 4 potions of brilliance {unknown}
 i - 2 potions of cancellation {unknown}
 k - a potion of curing {unknown}
 l - a potion of heal wounds {unknown}
 m - 2 potions of attraction {unknown}
 n - 2 potions of haste {unknown}
 o - 2 potions of ambrosia {unknown}
 p - 2 potions of might {unknown}
 q - a potion of invisibility {unknown}
 t - a potion of mutation {unknown}


   Skills:
 * Level 6.9 Fighting
 * Level 6.9 Axes
 + Level 4.6 Armour
 + Level 4.1 Dodging


You had 6 spell levels left.
You didn't know any spells.
Your spell library was empty.

Dungeon Overview and Level Annotations

Branches:
Dungeon (5/15)              Sewer (visited)
 Temple: D:4-7

Altars:
Ashenzari
Gozag
Sif Muna
Uskayaw


Innate Abilities, Weirdness & Mutations

You have a pair of horns on your head.
You reflexively headbutt those who attack you in melee.


Message History

You kill the black bear!
Trog accepts your kill.
You hear some strange, mumbled words.
A magic dart appears from out of thin air!
The magic dart hits you!
You feel a strong urge to attack something.
Something hits you.
You are no longer berserk.
You are exhausted.
You feel yourself slow down.
You hear some strange, mumbled words.
A puff of flame appears from out of thin air!
The puff of flame hits you.
* * * LOW HITPOINT WARNING * * *
Something hits you.
* * * LOW HITPOINT WARNING * * *
Something hits you.
* * * LOW HITPOINT WARNING * * *
Something hits you.
* * * LOW HITPOINT WARNING * * *
Unknown command.
Something hits you.
* * * LOW HITPOINT WARNING * * *
You hear some strange, mumbled words.
You are more confused.
Things that are here:
a +0 hand axe; a +0 plate armour; an orc corpse
Okay, then.
Things that are here:
a +0 flail of holy wrath; a black bear corpse You hear some strange, mumbled words.
A magic dart appears from out of thin air!
The magic dart hits you!
* * * LOW HITPOINT WARNING * * *
You hear some strange, mumbled words.
A puff of flame appears from out of thin air!
The puff of flame misses you.
Unknown command.
Something hits you.
You die...

.....##...#.... ..
#.##....>.#.... ...
###.........#.##. ....
##....##..#....... ....#
#.........#.......
.....##.................
.##.........#..#........
.....>..)).....#........
....#..@................
...[....)...............
.............##.........
...........[.##..#.##...
.............#...####...
............## . #...
.......#..#.# #...
#..(...##.... .... ...
#. .. . .#


There were no monsters in sight!

Vanquished Creatures
  A black bear (D:5)
  An orc warrior (D:5)
  An ogre (D:4)
  A centaur (D:5)
  A necrophage (D:4)
  An iguana (D:4)
  2 orc wizards
  A killer bee zombie (D:5)
  A hound skeleton (D:4)
  A howler monkey zombie (D:5)
  5 adders
  5 river rats
  3 white imps
  An adder skeleton (D:4)
  3 worms
  A dart slug (D:1)
  5 orcs
  3 endoplasms
  5 giant cockroaches
  8 goblins
  5 hobgoblins
  5 quokkas
  11 ball pythons
  4 bats
  8 frilled lizards
  5 kobolds
  12 rats
100 creatures vanquished.

Vanquished Creatures (others)
  3 plants (D:2)
3 creatures vanquished.

Grand Total: 103 creatures vanquished

Notes
Turn   | Place    | Note
-------+----------+-------------------------------------------
     0 | D:1      | Zeld the Minotaur Berserker began the quest for the Orb.
     0 | D:1      | Reached XP level 1. HP: 19/19 MP: 0/0
   264 | D:1      | Reached XP level 2. HP: 27/27 MP: 1/1
   823 | D:2      | Reached XP level 3. HP: 22/33 MP: 2/2
   955 | D:2      | Found an opulent altar of Gozag.
  1218 | D:2      | Reached ** piety under Trog
  1927 | D:3      | Found a glowing drain.
  1932 | D:3      | Reached XP level 4. HP: 31/41 MP: 3/3
  1944 | Sewer    | Entered a sewer
  2898 | Sewer    | Reached skill level 5 in Fighting
  3088 | D:3      | Reached XP level 5. HP: 48/48 MP: 4/4
  3111 | D:3      | Reached skill level 5 in Axes
  3265 | D:3      | Found a broken altar of Ashenzari.
  3266 | D:3      | Found a hide-covered altar of Uskayaw.
  3461 | D:3      | Found a shimmering blue altar of Sif Muna.
  3545 | D:3      | Found a faded altar of an unknown god.
  3792 | D:4      | Noticed a necrophage
  3803 | D:4      | Killed a necrophage
  3804 | D:4      | Reached XP level 6. HP: 57/57 MP: 5/5
  3914 | D:4      | Reached *** piety under Trog
  4994 | D:5      | Entered Level 5 of the Dungeon
  5115 | D:5      | Reached XP level 7. HP: 50/64 MP: 6/6
  5466 | D:5      | HP: 1/64 [something/magic dart (10)]
  5468 | D:5      | Slain by an orc wizard

Illustrated notes

Levels and vault maps discovered:
D:1:      psy_arrival_wood_between_worlds, layout_rooms
D:2:      layout_rooms, basic_altar, grunt_ministairs_3, serial_bayou_pond_c
D:3:      layout_basic, nicolae_overflow_hidden_temple,
          mainiacjoe_overflow_24_doors, chequers_ecumenical_altar_simple_redux,
          cheibrodos_sewer_entry_sluice
D:4:      layout_layer_cave, chequers_serial_rivers_small_b
D:5:      layout_cave_pools, minmay_temple_entry_tees, serial_column_ruins,
          column_ruins_open_medium, column_ruins_open_tiny,
          column_ruins_open_tiny, column_ruins_grid_1, column_ruins_grid_1,
          nicolae_underground_beach

Skill      XL: |  1  2  3  4  5  6  7 |
---------------+----------------------+-----
Fighting       | 4 5 6 |  6.9
Axes           | 4 5 6 |  6.9
Armour         | 3 4 |  4.6
Dodging        | 3 4 |  4.1

Action                   |  1- 3 |  4- 6 |  7- 9 || total
-------------------------+-------+-------+-------++-------
Melee: Hand axe          |    90 |   123 |    17 ||   230
       Headbutt          |    14 |    20 |     3 ||    37
       Punch             |       |     2 |       ||     2
Invok: Berserk           |       |     3 |     1 ||     4
       Trog's Hand       |       |     1 |       ||     1
 Stab: Sleeping          |       |     1 |       ||     1
Armor: Animal skin       |    22 |    10 |     1 ||    33
Dodge: Dodged            |    53 |    63 |     9 ||   125
